 Dungeon Crawl Stone Soup version 0.29.1-15-g9cfb28693d (webtiles) character file.

Game seed: 12438250605550368554

32 Heoruswealwe the Magician (level 3, 0/19 HPs)
             Began as a Deep Elf Earth Elementalist on Apr 6, 2023.
             Was a Follower of Makhleb.
             Slain by a hobgoblin (1 damage)
             ... led by Robin
             ... on level 3 of the Dungeon.
             The game lasted 00:03:37 (381 turns).

Heoruswealwe the Magician (DEEE)                     Turns: 381, Time: 00:03:37

Health: 0/19       AC:  2    Str:  5    XL:     3   Next: 8%
Magic:  4/10       EV: 12    Int: 21    God:    Makhleb [*.....]
Gold:   62         SH:  0    Dex: 15    Spells: 9/10 levels left

rFire   . . .      SeeInvis .   (no weapon)
rCold   . . .      Faith    .   (no shield)
rNeg    . . .      Spirit   .   a - +0 robe
rPois   .          Reflect  .   (no helmet)
rElec   .          Harm     .   (no cloak)
rCorr   .          Rampage  .   (no gloves)
Will    .....                   (no boots)
Stlth   ++........              (no amulet)
HPRegen 0.06/turn               (no ring)
MPRegen 0.12/turn               (no ring)

@: no status effects
A: no striking features
a: Renounce Religion


You were on level 3 of the Dungeon.
You worshipped Makhleb.
Makhleb was aware of your devotion.
You visited 1 branch of the dungeon, and saw 3 of its levels.

You collected 62 gold pieces.

Inventory:

Armour
 a - a +0 robe (worn)
 c - a +0 robe
Scrolls
 d - a scroll of identify
Potions
 b - a potion of magic
 f - a potion of resistance


   Skills:
 - Level 2.4 Dodging
 - Level 2.4 Stealth
 + Level 4.1 Spellcasting
 - Level 1.1 Transmutations
 + Level 4.0 Earth Magic


You had 9 spell levels left.
You knew the following spells:

 Your Spells              Type           Power      Damage    Failure   Level
a - Sandblast             Erth           42%        2d11      2%          1

Your spell library contained the following spells:

 Spells                   Type           Power      Damage    Failure   Level
 Passwall                 Tmut/Erth      12%        N/A       6%          2
 Stone Arrow              Conj/Erth      24%        3d8       16%         3
 Portal Projectile        Hex/Tloc       8%         N/A       34%         3
 Tukima's Dance           Hex            4%         N/A       34%         3
 Petrify                  Tmut/Erth      15%        N/A       38%         4
 Blade Hands              Tmut           4%         N/A       91%         5


Dungeon Overview and Level Annotations

Branches:
Dungeon (3/15)

Altars:
Makhleb

Annotations:
D:3 Robin


Message History

Robin throws the goblin at you!
A goblin comes into view. It is wielding a +0 dagger.
The blast of sand hits the goblin!
You kill the goblin!
Makhleb accepts your kill. The hobgoblin barely misses you.
You have reached level 3!
Your experience leads to an increase in your attributes!
Increase (S)trength, (I)ntelligence, or (D)exterity?
You feel clever. x2
The blast of sand hits the goblin!
You kill the goblin!
Makhleb accepts your kill.
You feel better. The hobgoblin hits you.
The blast of sand hits the goblin!
You kill the goblin!
Makhleb accepts your kill.
Robin roars a battlecry!
The goblins go into a battle-frenzy!
The hobgoblin closely misses you.
Robin says, "Bow before me, strongest of all the hobgoblins!"
The goblin hits you with a +0 club.
Okay, then.
The blast of sand hits the goblin.
You kill the goblin!
Makhleb accepts your kill. The hobgoblin hits you!
The goblin hits you with a +0 club.
* * * LOW HITPOINT WARNING * * *
Casting: Sandblast (safe; 2% risk of failure)
Confirm with . or Enter, or press ? or * to list all spells.
Aiming: Sandblast (safe; 2% risk of failure)
Press: ? - help, Shift-Dir - straight line, f - goblin
Aim: a goblin, wielding a +0 club (strong, 79% to hit)
The blast of sand hits the goblin!
You kill the goblin!
Makhleb accepts your kill.
You feel better. The hobgoblin hits you.
* * * LOW HITPOINT WARNING * * *
The hobgoblin hits you.
You die...

##'##.....##'##..≈≈#
#...#.....#...#..≈≈#
#...#.....#.).#..≈≈#
#...#.....#.†.#..≈≈#
##'##.....##)##..≈≈#
#............#...≈≈#
#............#...≈≈#
#...##########...≈≈#
#.g@#.....g ####≈≈#
#.gggg).... ≈≈#
#...'......
###########


You could see Robin, 2 hobgoblins and 2 goblins.

Vanquished Creatures
  A dart slug (D:3)
  2 ball pythons (D:1)
  3 giant cockroaches (D:1)
  13 goblins
  3 jackals (D:3)
  A quokka (D:1)
  A bat (D:1)
  2 frilled lizards
  A rat (D:3)
27 creatures vanquished.

Notes
Turn   | Place    | Note
-------+----------+-------------------------------------------
     0 | D:1      | Heoruswealwe the Deep Elf Earth Elementalist began the
                  | quest for the Orb.
     0 | D:1      | Reached XP level 1. HP: 10/10 MP: 6/6
    68 | D:1      | Reached XP level 2. HP: 15/15 MP: 2/8
    71 | D:1      | Learned a level 2 spell: Passwall
    92 | D:1      | Found a faded altar of an unknown god.
   106 | D:1      | Prayed at the altar of an unknown god.
   106 | D:1      | Became a worshipper of Makhleb the Destroyer
   106 | D:1      | Reached * piety under Makhleb
   375 | D:3      | Noticed Robin
   378 | D:3      | Reached XP level 3. HP: 17/19 MP: 7/10
   381 | D:3      | Slain by a hobgoblin

Illustrated notes

Levels and vault maps discovered:
D:1:      enne_arrival_octagon_isle, layout_rooms,
          shapermc_ecumenical_altar_mp_highgroup, serial_shops,
          nicolae_shop_statue_plus
D:2:      layout_rooms, serial_curves, eino_curves_03, eino_curves_02,
          eino_curves_03, basic_altar
D:3:      kennysheep_goblin_castle, layout_basic,
          mainiacjoe_overflow_six_doors_small, serial_park_tiny_1

Skill      XL: |  1  2 |
---------------+-------+-----
Spellcasting   | 4 |  4.1
Earth Magic    | 4 |  4.0
Dodging        | |  2.4
Stealth        | |  2.4
Transmutations | |  1.1

Action                   || total
-------------------------++-------
 Cast: Sandblast         ||    33
  Use: Scroll            ||     2
       Potion            ||     1
Armor: Robe              ||     3
Dodge: Dodged            ||    10
